Map: Catalyst LE

Players

Jez

  • Race: Zerg Zerg
  • Spawn Location: 5:00

iggythefisk

  • Race: Zerg Zerg
  • Spawn Location: 11:00

Darkness

  • Race: Zerg Zerg

matathemyra

  • Race: Zerg Zerg

VOD

Have the link to the VOD?

Description

Time

  • Played on: Nov. 20, 2017, 3:55 p.m.
  • Length: 10:56
Show
View Real Time Build Order
Export as new Build Order

Jez Zerg 

Build Orders: Hatch First 

Get SALT Encoding   

  12  0:01  Drone  
  13  0:13  Overlord  
  13  0:17  Drone  
  14  0:31  Drone  
  14  0:32  Drone  
  16  0:36  Drone  
  17  0:54  Hatchery  
  17  0:57  Drone  
  17  1:00  Drone  
  18  1:08  Drone  
  19  1:16  Extractor  
  18  1:20  Spawning Pool  
  17  1:27  Drone  
  18  1:32  Drone  
  19  1:40  Drone  
  20  1:56  Overlord  
  20  2:08  Queen  
  22  2:10  Queen  
  22  2:14  Zergling x4  
  22  2:15  Zergling x2  
  27  2:17  Metabolic Boost  
  27  2:21  Drone  
  28  2:29  Drone  
  29  2:36  Drone x2  
  31  2:43  Baneling Nest  
  31  2:44  Drone  
  31  2:49  Drone  
  31  2:50  Drone  
  33  2:55  Drone  
  34  3:03  Evolution Chamber  
  34  3:04  Overlord  
  33  3:09  Zergling x2  
  34  3:20  Drone  
  34  3:23  Overlord  
  34  3:26  Drone x4  
  39  3:39  Drone x2  
  39  3:40  Hatchery  
  40  3:48  Roach Warren  
  40  3:49  Lair  
  39  3:56  Drone x3  
  42  4:06  Drone  
  42  4:07  Drone x3  
  45  4:19  Extractor  
  45  4:23  Spine Crawler  
  42  4:27  Zergling x2  
  42  4:28  Roach, Zergling x2  
  42  4:29  Roach x3  
  42  4:30  Overlord  
  52  4:31  Overlord  
  52  4:45  Overlord  
  52  4:48  Glial Reconstitution  
  52  4:55  Queen  
  52  4:56  Baneling  
  52  4:57  Overlord  
  54  5:07  Zerg Missile Weapons Level 1  
  54  5:14  Roach  
  54  5:15  Roach, Overlord  
  54  5:16  Overlord  
  54  5:20  Extractor  
  57  5:24  Roach x2  
  57  5:25  Roach, Overlord x2, Drone x2  
  65  5:30  Extractor  
  64  5:37  Hatchery  
  64  5:38  Drone x3  
  66  5:53  Roach, Spore Crawler  
  66  5:54  Roach x5  
  77  6:02  Drone x3  
  79  6:06  Unknown  
  79  6:16  Roach  
  79  6:17  Roach x3  
  87  6:25  Roach x2  
  91  6:30  Roach  
  91  6:31  Roach x2  
  95  6:39  Ravager x2  
  97  6:50  Queen  
  97  6:58  Burrow  
  97  7:02  Zerg Missile Weapons Level 2  
  97  7:04  Zergling x6  
  97  7:05  Zergling x4  
  97  7:07  Overlord  
  102  7:22  Unknown  
  102  7:27  Spine Crawler  
  100  7:46  Hatchery  
  100  7:51  Drone  
  100  7:52  Drone x2  
  100  7:53  Roach x3  
  108  8:01  Queen  
  110  8:16  Spire  
  108  8:21  Drone  
  108  8:22  Drone x2  
  108  8:27  Drone x3  
  114  8:37  Queen, Centrifical Hooks  
  114  8:39  Zergling x6  
  114  8:40  Zergling x8  
  123  8:42  Overlord  
  123  8:58  Roach x25  
  122  9:04  Hatchery  
  122  9:06  Hatchery  
  122  9:08  Roach x4  
  122  9:09  Roach  
  131  9:33  Overlord x4  
  131  9:34  Overlord  
  127  9:46  Overlord x3  
  127  9:58  Roach  
  127  9:59  Roach x4  
  137  10:06  Roach x3  
  138  10:07  Overlord  
  138  10:08  Roach  
  138  10:09  Roach  
  135  10:18  Roach x2  
Show
View Real Time Build Order
Export as new Build Order

iggythefisk Zerg 

Build Orders: Hatch First 

Get SALT Encoding   

  12  0:01  Drone  
  13  0:08  Drone  
  14  0:16  Overlord  
  14  0:35  Drone x3  
  17  0:55  Hatchery  
  17  0:56  Drone  
  17  1:10  Spawning Pool  
  16  1:13  Extractor  
  16  1:14  Drone  
  16  1:18  Drone  
  16  1:22  Drone  
  18  1:29  Overlord  
  18  1:56  Queen  
  18  1:57  Zergling x4  
  22  2:03  Drone  
  22  2:07  Queen  
  22  2:08  Drone  
  26  2:13  Metabolic Boost  
  26  2:19  Drone x2  
  28  2:25  Drone  
  31  2:37  Drone x2  
  31  2:46  Roach Warren  
  31  2:47  Drone x2  
  32  2:53  Zergling x2  
  33  3:04  Drone x2  
  35  3:10  Zergling x2  
  36  3:15  Overlord  
  36  3:26  Evolution Chamber  
  35  3:27  Zergling x2  
  35  3:29  Overlord  
  35  3:33  Extractor, Lair  
  35  3:36  Roach x4  
  35  3:39  Extractor  
  35  3:40  Drone  
  43  3:48  Roach  
  43  3:53  Drone x4  
  49  4:01  Drone x2  
  51  4:07  Overlord  
  51  4:10  Zerg Missile Weapons Level 1  
  51  4:24  Overlord  
  51  4:27  Roach  
  51  4:28  Roach x3  
  51  4:29  Overlord  
  59  4:31  Drone  
  60  4:42  Roach  
  60  4:43  Roach x3  
  68  4:49  Glial Reconstitution  
  68  4:52  Drone x2  
  70  4:56  Drone  
  71  5:03  Roach  
  71  5:04  Roach  
  71  5:05  Overlord  
  75  5:08  Drone  
  75  5:13  Overlord  
  76  5:16  Overlord  
  76  5:27  Drone x4, Overseer  
  80  5:29  Drone  
  80  5:32  Roach  
  83  5:42  Roach  
  89  5:43  Roach x3  
  89  5:48  Roach  
  89  5:49  Roach  
  95  6:01  Roach  
  95  6:02  Roach  
  98  6:10  Overlord x2  
  98  6:13  Zerg Missile Weapons Level 2  
  98  6:19  Hatchery  
  98  6:25  Roach  
  98  6:33  Drone x4  
  98  6:34  Drone x6  
  98  6:39  Evolution Chamber  
  107  6:43  Hydralisk Den  
  106  6:48  Roach  
  106  6:49  Roach x2  
  111  7:00  Roach  
  111  7:01  Roach  
  115  7:06  Extractor  
  114  7:12  Muscular Augments  
  114  7:13  Zerg Ground Armor Level 1  
  114  7:14  Overlord x2  
  114  7:34  Queen  
  114  7:35  Overlord  
  116  7:37  Roach  
  116  7:38  Roach x5  
  128  7:45  Overlord  
  128  7:53  Overlord  
  128  7:54  Hydralisk x4  
  136  8:03  Hydralisk  
  136  8:04  Hydralisk x3  
  144  8:06  Overlord  
  144  8:14  Hydralisk  
  144  8:15  Hydralisk  
  148  8:21  Spine Crawler  
  148  8:22  Hydralisk x2  
  148  8:25  Roach  
  153  8:34  Roach  
  153  8:35  Roach  
  153  8:40  Hydralisk  
  153  8:41  Hydralisk  
  159  8:58  Roach  
  159  9:00  Overlord x2  
  161  9:06  Infestation Pit  
  161  9:08  Spine Crawler  
  159  9:10  Drone x2  
  159  9:11  Overlord  
  161  9:35  Roach  
  161  9:36  Roach x10  
  181  9:52  Hydralisk x2  
  185  10:11  Overlord x2  
  185  10:13  Roach x3  
  185  10:14  Roach  
  185  10:16  Hydralisk  
  185  10:17  Hydralisk x5  
  175  10:22  Zergling x2  
  175  10:23  Zergling x4  
Show
View Real Time Build Order
Export as new Build Order

Darkness Zerg 

Build Orders:  

Get SALT Encoding   

Show
View Real Time Build Order
Export as new Build Order

matathemyra Zerg 

Build Orders:  

Get SALT Encoding   

Tags
 
Add a new tag
Caveats
  • Supply blocks, unpowered buildings, or Contaminate may cause inaccurate times.
  • Supply counts are checked every 10 seconds.